 Dungeon Crawl Stone Soup version 0.28-a0-932-g843f935a50 (webtiles) character file.

Game seed: 18114501066628422879

186 Conn the Sneak (level 5, 0/32 HPs)
             Began as an Octopode Fire Elementalist on Nov 27, 2021.
             Slain by an ice beast (3 damage)
             ... on level 2 of the Dungeon.
             The game lasted 00:06:28 (2598 turns).

Conn the Sneak (Octopode Fire Elementalist)         Turns: 2598, Time: 00:06:29

Health: 0/32       AC:  1    Str:  7    XL:     5   Next: 66%
Magic:  9/9        EV: 13    Int: 19    God:
Gold:   57         SH:  0    Dex: 12    Spells: 8/9 levels left

rFire   . . .      SeeInvis .   k - +1 rapier (venom)
rCold   . . .      Faith    .   (no shield)
rNeg    . . .      Spirit   .   (helmet restricted)
rPois   .          Reflect  .   (no amulet)
rElec   .          Harm     .   (no ring)
rCorr   .          Rampage  .   (no ring)
Will    .....                   (no ring)
Stlth   ++++......              (no ring)
HPRegen 0.10/turn               (no ring)
MPRegen 0.11/turn               (no ring)
                                (no ring)
                                (no ring)

@: no status effects
A: almost no armour, amphibious, 8 rings, camouflage 1, gelatinous body 1,
(nimble swimmer 1), tentacles
a: no special abilities


You were on level 2 of the Dungeon.
You visited 1 branch of the dungeon, and saw 3 of its levels.

You collected 57 gold pieces.

Inventory:

Hand Weapons
 a - a +0 dagger
 c - a +1 dagger of venom
 k - a +1 rapier of venom (weapon)
Scrolls
 b - 4 scrolls of identify {unknown}
 d - 2 scrolls of noise {unknown}
 f - a scroll of brand weapon {unknown}
 h - a scroll of teleportation {unknown}
 i - a scroll of acquirement {unknown}
 m - a scroll of vulnerability {unknown}
 q - a scroll of enchant armour {unknown}
Potions
 e - a potion of lignification {unknown}
 g - a potion of might {unknown}
 l - a potion of haste {unknown}
 n - 2 potions of curing {unknown}
 o - a potion of magic {unknown}
 p - a potion of attraction {unknown}
 r - 2 potions of mutation {unknown}


   Skills:
 + Level 0.7 Fighting
 + Level 1.6 Short Blades
 + Level 2.2 Dodging
 + Level 4.4 Stealth
 + Level 0.1 Unarmed Combat
 + Level 2.9 Spellcasting
 + Level 2.1 Conjurations
 + Level 3.7 Fire Magic


You had 8 spell levels left.
You knew the following spells:

 Your Spells              Type           Power      Damage    Failure   Level
a - Foxfire               Conj/Fire      56%        2x1d6     4%          1

Your spell library contained the following spells:

 Spells                   Type           Power      Damage    Failure   Level
 Scorch                   Fire           34%        2d7       4%          2
 Conjure Flame            Conj/Fire      14%        6-21      14%         3
 Inner Flame              Hex/Fire       9%         N/A       22%         3
 Flame Wave               Conj/Fire      14%        3d5       41%         4


Dungeon Overview and Level Annotations

Branches:
Dungeon (3/15)

Altars:

Shops:
D:1 [


Innate Abilities, Weirdness & Mutations

You cannot wear most types of armour.
You are amphibious.
You can wear up to eight rings at the same time.
Your skin changes colour to match your surroundings (Stealth+).
Your rubbery body absorbs attacks. (AC +1, EV +1)
((You are camouflaged near water. (Stealth+)))
You have tentacles for arms and can constrict up to eight enemies at once.


Message History

An ice beast comes into view.
Casting: Foxfire (safe; 4% risk of failure)
Confirm with . or Enter, or press ? or * to list all spells.
You conjure some foxfire!
The foxfire hits the orc priest.
The orc priest is lightly wounded.
The foxfire hits the orc priest but does no damage.
The orc priest is lightly wounded.
Unknown command.
The foxfire hits the orc priest.
The orc priest is heavily wounded.
The foxfire hits the orc priest.
The orc priest is severely wounded.
Unknown command.
Casting: Foxfire (safe; 4% risk of failure)
Confirm with . or Enter, or press ? or * to list all spells.
You miscast Foxfire.
You are very lightly contaminated with residual magic.
Nothing appears to happen.
Unknown command.
The orc priest calls down the wrath of Beogh upon you.
Beogh smites you!
* * * LOW HITPOINT WARNING * * *
You hit the orc priest but do no damage.
The orc priest is poisoned.
You grab the orc priest. You squeeze the orc priest.
You kill the orc priest!
Found a book of Party Tricks.
Your magical contamination has completely faded away.
The ice beast hits you. The ice beast freezes you.
* * * LOW HITPOINT WARNING * * *
There is a stone staircase leading up here.
There is a stone staircase leading up here.
The ice beast hits you.
* * * LOW HITPOINT WARNING * * *
The ice beast freezes you!
* * * LOW HITPOINT WARNING * * *
You climb upwards.
There is a stone staircase leading down here.
The ice beast hits you.
You die...

.# #.# #.# .#
#.# #.# .###.#
#.# ..##.# #.#
..##.### #.#
.......# #.#
.###.#.# #.# ##
#.#.# #Y#
#.#.#########@#
#.#...........#
#†#############
#.# #.# ####.#
.....# ######


You could see an ice beast.

Vanquished Creatures
  An orc priest (D:3)
  Natasha (D:2)
  An orc wizard (D:3)
  Terence (D:2)
  4 adders
  A worm (D:2)
  3 dart slugs
  An orc (D:3)
  6 endoplasms
  4 goblins
  A hobgoblin (D:1)
  2 quokkas (D:1)
  3 ball pythons
  5 bats
  8 kobolds
  4 rats
46 creatures vanquished.

Vanquished Creatures (others)
  79 foxfires
79 creatures vanquished.

Grand Total: 125 creatures vanquished

Notes
Turn   | Place    | Note
-------+----------+-------------------------------------------
     0 | D:1      | Conn the Octopode Fire Elementalist began the quest for the
                  | Orb.
     0 | D:1      | Reached XP level 1. HP: 11/11 MP: 3/3
    14 | D:1      | Found a faded altar of an unknown god.
   252 | D:1      | Reached XP level 2. HP: 7/17 MP: 1/5
   546 | D:1      | Reached skill level 3 in Stealth
   598 | D:1      | Found Hatukust's Armour Boutique.
   840 | D:1      | Reached XP level 3. HP: 21/21 MP: 6/6
  1075 | D:2      | Reached skill level 1 in Short Blades
  1361 | D:2      | Reached XP level 4. HP: 20/27 MP: 7/7
  1641 | D:2      | Noticed Terence
  1648 | D:2      | Killed Terence
  1967 | D:2      | Noticed Natasha
  1974 | D:2      | HP: 1/27 [Natasha (8)]
  1976 | D:2      | Killed Natasha
  1977 | D:2      | Reached skill level 4 in Stealth
  2308 | D:3      | Reached XP level 5. HP: 32/32 MP: 9/9
  2480 | D:3      | Noticed an ice beast
  2598 | D:2      | Slain by an ice beast

Illustrated notes

Levels and vault maps discovered:
D:1:      ncdulo_lavacross, layout_loops_ring, serial_shops, shop,
          basic_ecumenical_altar
D:2:      layout_basic, grunt_ministairs_1, minmay_misc_feat_pillars,
          chequers_mini_garden, minmay_misc_feat_enclosed, minmay_tripent,
          uniq_terence, uniq_natasha
D:3:      layout_basic

Skill      XL: |  1  2  3  4  5 |
---------------+----------------+-----
Stealth        | 3 4 |  4.4
Short Blades   | 1 |  1.6
Conjurations   | 2 |  2.1
Fighting       | |  0.7
Dodging        | |  2.2
Unarmed Combat | |  0.1
Spellcasting   | |  2.9
Fire Magic     | |  3.7

Action                   |  1- 3 |  4- 6 || total
-------------------------+-------+-------++-------
Melee: Unarmed           |     4 |       ||     4
       Constrict         |     7 |     6 ||    13
       Dagger            |    33 |    18 ||    51
       Tentacles         |     7 |     3 ||    10
       Rapier            |       |     5 ||     5
 Cast: Foxfire           |    20 |    24 ||    44
  Use: Potion            |       |     2 ||     2
 Stab: Sleeping          |     8 |     1 ||     9
Armor: Skin              |     1 |       ||     1
Dodge: Dodged            |    23 |    12 ||    35

Table legend: (Time is in decaauts)
 A = Elapsed time spent in this place.
 B = Non-inter-level travel time spent in this place.
 C = Inter-level travel time spent in this place.
 D = Time resting spent in this place.
 E = Time spent auto-exploring this place.
 F = Levels seen in this place.
 G = Mean time per level.
                   A        B        C        D        E       F      G
               +--------+--------+--------+--------+--------+-----+--------+
         Total |   2595 |   2550 |     45 |      0 |   2007 |   3 |  865.0 |
       Dungeon |   2595 |   2550 |     45 |      0 |   2007 |   3 |  865.0 |
               +--------+--------+--------+--------+--------+-----+--------+

Top non-repeatable levels by time:
     D:2: 1220 daAuts
     D:1: 1057 daAuts
     D:3: 317 daAuts
